 Dungeon Crawl Stone Soup version 0.30.1-11-g7821555f0a (webtiles) character file.

Game seed: 4752735544883299767

65 Okkudo the Chopper (level 4, -1/41 HPs)
             Began as a Hill Orc Monk on Dec 2, 2023.
             Was a Believer of Beogh.
             Succumbed to an orc's poison
             ... on level 3 of the Dungeon.
             The game lasted 00:04:53 (1105 turns).

Okkudo the Chopper (Hill Orc Monk)                  Turns: 1105, Time: 00:04:54

Health: -1/41      AC:  7    Str: 15    XL:     4   Next: 14%
Magic:  4/4        EV: 10    Int: 10    God:    Beogh [**....]
Gold:   91         SH:  0    Dex: 13    Spells: 3/3 levels left

rFire   + . .        a - +0 hand axe
rCold   + . .        d - orb {light}
rNeg    . . .        h - +0 scale mail
rPois   .            (no helmet)
rElec   .            e - scarf {rC+ rF+}
rCorr   .            l - +0 pair of gloves
SInv    .            (no boots)
Will    .....        (no amulet) Stlth
                     (no ring)
HPRegen 0.26/turn    (no ring)
MPRegen 0.09/turn

%: no passive effects
@: lethally poisoned (-1 -> -9), hasted, glowing, very quick
A: no striking features
a: Renounce Religion, Smiting


You were on level 3 of the Dungeon.
You worshipped Beogh.
Beogh was pleased with you.
You visited 1 branch of the dungeon, and saw 3 of its levels.

You collected 91 gold pieces.

Inventory:

Hand Weapons
 a - a +0 hand axe (weapon)
Missiles
 f - 6 poisoned darts (quivered)
Armour
 d - an orb of light (worn)
 e - a scarf of resistance (worn)
 g - a +0 cloak
 h - a +0 scale mail (worn)
 l - a +0 pair of gloves (worn)
Scrolls
 b - a scroll of fog {unknown}
 m - a scroll of teleportation {unknown}
Potions
 c - a potion of ambrosia
 j - a potion of flight {unknown}
 k - a potion of attraction {unknown}


   Skills:
 + Level 4.5 Fighting
 + Level 4.9 Axes
 + Level 3.0 Dodging


You had 3 spell levels left.
You didn't know any spells.
Your spell library was empty.

Dungeon Overview and Level Annotations

Branches:
Dungeon (3/15)

Altars:


Message History

The orc hits you but does no damage. The orc barely misses you.
You hit the orc but do no damage.
The orc is moderately wounded.
You hit the orc. You barely miss the orc. The orc completely misses you.
The orc hits you with a +2 whip of venom.
You are poisoned.
The orc closely misses you.
You hit the orc but do no damage.
The orc is moderately wounded.
You hit the orc but do no damage. You hit the orc.
You kill the orc!
Beogh accepts your kill.
You feel very sick. The orc closely misses you.
The orc hits you but does no damage.
You are electrocuted!
You hit the orc but do no damage.
The orc is moderately wounded.
You hit the orc. You hit the orc but do no damage.
You feel sick. The orc hits you but does no damage.
You are more poisoned.
The orc hits you but does no damage. The orc hits you with a +0 dagger.
You hit the orc but do no damage.
The orc is moderately wounded.
You barely miss the orc. You hit the orc.
You feel very sick.
The orc hits you with a +2 whip of venom.
* * * LOW HITPOINT WARNING * * *
You are more poisoned.
The orc closely misses you. The orc hits you but does no damage.
The orc attacks as you move away! The orc hits you but does no damage.
* * * LOW HITPOINT WARNING * * *
You feel very sick. The orc hits you but does no damage.
* * * LOW HITPOINT WARNING * * *
You feel very sick. The orc attacks as you move away!
The orc barely misses you.
* * * LOW HITPOINT WARNING * * *
You feel sick.
It was a potion of haste.
You feel yourself speed up.
You die...

##########
##........## ######
#........o.## #....#
......)Soo@.## #....#
........###..###....#
......... ##..##....#
#.....##.# ##..†....#
#..... #.###........#
...... ........#....#
..... ..###.#.######
..... .# #.#.#####
#.#.....######


You could see 3 orcs and a ball python.

Vanquished Creatures
  An orc wizard (D:3)
  An adder (D:3)
  A worm (D:3)
  3 orcs (D:3)
  3 ball pythons (D:1)
  2 endoplasms (D:1)
  A giant cockroach (D:1)
  2 hobgoblins (D:1)
  4 jackals (D:2)
  3 bats
  A frilled lizard (D:1)
  A kobold (D:3)
  A rat (D:1)
24 creatures vanquished.

Vanquished Creatures (others)
  An orc (D:3)
  2 goblins (D:3)
3 creatures vanquished.

Grand Total: 27 creatures vanquished

Notes
Turn   | Place    | Note
-------+----------+-------------------------------------------
     0 | D:1      | Okkudo the Hill Orc Monk began the quest for the Orb.
     0 | D:1      | Reached XP level 1. HP: 19/19 MP: 1/1
   135 | D:1      | Reached XP level 2. HP: 27/27 MP: 2/2
   553 | D:1      | Found a faded altar of an unknown god.
   837 | D:2      | You fall into a shaft and drop 1 floor!
   860 | D:3      | Became a worshipper of Beogh the Brigand
   860 | D:3      | Reached * piety under Beogh
   860 | D:3      | Reached ** piety under Beogh
   882 | D:3      | Reached XP level 3. HP: 17/33 MP: 3/3
  1020 | D:3      | Reached XP level 4. HP: 41/41 MP: 4/4
  1104 | D:3      | HP: 1/41 [poisoned by an orc]
  1105 | D:3      | Succumbed to an orc's poison

Illustrated notes

Levels and vault maps discovered:
D:1:      minmay_arrival_diagonal_passages, layout_loops_ring,
          shapermc_ecumenical_altar_hornbeckon
D:2:      layout_loops_cross, basic_altar
D:3:      layout_rooms, minmay_misc_feat_enclosed

Skill      XL: |  1  2  3 |
---------------+----------+-----
Fighting       | 4 |  4.5
Dodging        | 3 |  3.0
Axes           | |  4.9

Action                     |  1- 3 |  4- 6 || total
---------------------------+-------+-------++-------
  Melee: Hand axe          |    68 |    12 ||    80
 Invoke: Convert to Beogh  |     1 |       ||     1
    Use: Potion            |       |     1 ||     1
 Armour: Robe              |     8 |       ||     8
         Scale mail        |    25 |     7 ||    32
  Dodge: Dodged            |    47 |     9 ||    56
